 Dungeon Crawl Stone Soup version 0.29-a0-323-g050149af67 (webtiles) character file.

Game seed: 4251815051394869643

10362 spaghetti the Unseen (level 11, -6/64 HPs)
             Began as an Octopode Brigand on Apr 10, 2022.
             Was a Believer of Elyvilon.
             Killed themself with a badly aimed iceblast (8 damage)
             ... on level 10 of the Dungeon.
             The game lasted 00:20:30 (13698 turns).

spaghetti the Unseen (Octopode Brigand)            Turns: 13698, Time: 00:20:30

Health: -6/64      AC:  1    Str: 11    XL:     11   Next: 60%
Magic:  27/27      EV: 13    Int: 14    God:    Elyvilon [**....]
Gold:   544        SH:  0    Dex: 25    Spells: 10/10 levels left

rFire   . . .      SeeInvis .   h - +2 dagger (venom) {short}
rCold   . . .      Faith    .   (no shield)
rNeg    . . .      Spirit   .   (helmet restricted)
rPois   +          Reflect  .   (no amulet)
rElec   +          Harm     .   s - ring of magical power
rCorr   .          Rampage  .   q - +6 ring of dexterity
Will    +....                   (no ring)
Stlth   ++++++++..              (no ring)
HPRegen 0.20/turn               (no ring)
MPRegen 0.20/turn               (no ring)
                                (no ring)
                                (no ring)

@: on berserk cooldown
A: almost no armour, amphibious, 8 rings, camouflage 1, gelatinous body 1,
(nimble swimmer 1), tentacles, agile 1, strong-willed 1, poison resistance,
electricity resistance
a: Renounce Religion, Purification, Heal Other


You were on level 10 of the Dungeon.
You worshipped Elyvilon.
Elyvilon was pleased with you.
You visited 1 branch of the dungeon, and saw 10 of its levels.
You also visited: Sewer.

You collected 544 gold pieces.


Innate Abilities, Weirdness & Mutations

You cannot wear most types of armour.
You are amphibious.
You can wear up to eight rings at the same time.
Your skin changes colour to match your surroundings (Stealth+).
Your rubbery body absorbs attacks. (AC +1, EV +1)
((You are camouflaged when in or above water. (Stealth+)))
You have tentacles for arms and can constrict up to eight enemies at once.
You are agile. (Dex +2)
You are strong-willed. (Will+)
Your system is resistant to poisons. (rPois)
You are resistant to electric shocks. (rElec)


   Skills:
 - Level 2.0 Fighting
 - Level 10.0 Short Blades
 - Level 2.0 Throwing
 - Level 1.0 Dodging
 + Level 18.0 Stealth
 + Level 9.3 Invocations


You had 10 spell levels left.
You didn't know any spells.
Your spell library contained the following spells:

 Spells                   Type           Power      Damage    Failure   Level
 Animate Skeleton         Necr           0%         N/A       28%         1
 Foxfire                  Conj/Fire      0%         2x1d4     28%         1
 Freeze                   Ice            0%         1d3       28%         1
 Pain                     Necr           0%         1d4       28%         1
 Ensorcelled Hibernation  Hex/Ice        0%         N/A       41%         2
 Conjure Flame            Conj/Fire      0%         6-21      65%         3
 Frozen Ramparts          Ice            0%         1d2       65%         3
 Inner Flame              Hex/Fire       0%         N/A       65%         3
 Spider Form              Tmut/Pois      0%         N/A       65%         3
 Vampiric Draining        Necr           0%         2d6       65%         3
 Anguish                  Hex/Necr       0%         N/A       96%         4
 Flame Wave               Conj/Fire      0%         2d4       96%         4
 Hailstorm                Conj/Ice       0%         3d3       96%         4
 Agony                    Necr           0%         N/A       100%        5
 Excruciating Wounds      Necr           0%         N/A       100%        5

Inventory:

Hand Weapons
 a - a +2 dagger of venom {short}
 h - a +2 dagger of venom (weapon) {short}
   (You took it off a kobold demonologist on level 5 of the Dungeon)
Missiles
 b - 50 poisoned darts {throwing}
 c - 5 curare-tipped darts {=fthrowing}
 e - 350 stones (quivered) {throwing}
 A - 2 boomerangs {throwing}
 B - a throwing net {=f!fthrowing}
 C - 4 javelins {throwing}
Armour
 u - a +0 kite shield
   (You took it off a gnoll sergeant on level 8 of the Dungeon)
Magical Staves
 F - a staff of cold {!astaff}
   (You found it on level 6 of the Dungeon)
Jewellery
 q - a +6 ring of dexterity (right tentacle)
   (You found it on level 3 of the Dungeon)
 s - a ring of magical power (left tentacle)
   (You found it on level 3 of the Dungeon)
 x - a ring of resist corrosion
   (You found it on level 4 of the Dungeon)
 y - a ring of protection from fire
   (You found it on level 4 of the Dungeon)
Wands
 f - a wand of flame (16)
   (You took it off a kobold on level 5 of the Dungeon)
 H - a wand of iceblast (20)
   (You found it on level 6 of the Dungeon)
Scrolls
 i - a scroll of silence {!r}
 j - 2 scrolls of enchant weapon
 k - 2 scrolls of vulnerability {!r!r}
 o - 2 scrolls of fog
Potions
 d - a potion of degeneration {!q@e2}
 g - a potion of lignification {!q}
 n - a potion of resistance
 t - a potion of might {unknown}
 v - a potion of haste {@q3}
 w - a potion of curing {@q1}
 I - a potion of mutation {!q}

Dungeon Overview and Level Annotations

Branches:
Dungeon (10/15)            Temple (0/1) D:6           Sewer (visited)
   Lair: D:8-11         Orc: D:9-12

Altars:
Dithmenos
Elyvilon
Gozag
Ru
Uskayaw
Yredelemnul
Zin

Shops:
D:3 [=:   D:5 (

Annotations:
D:4 1 runed translucent door, Crazy Yiuf
D:8 exclusion: door
D:9 exclusion: 3 wights

................# ####
................# ##..:..
............†...# ##.......
.....#########..# #........
##...# #..###........
.#...# #..##oo.≈.....
.#...# #.†.#Y9$≈.!.?.
.'...####.8.##..)yYy.≈..)##
.#..............@#oY$≈.[.$.
.#........8......#...≈.....
##.#####.....######......9.
...# ..8.. #..y..h.. ...#
#.... ##....... ...# #...
##..$.. ...# ##### ...#
####


You could see 2 yaks, a hornet, a gargoyle, a killer bee, an orc priest and an
orc.


Message History

The orc attacks as you move away! The orc barely misses you.
The orc wizard mumbles some strange words.
The orc wizard flickers and vanishes!
Deactivating autopickup; reactivate with Ctrl-A.
The hornet stings you!
The orc priest casts a cantrip, but nothing happens. 😮 HP[-8]
You take 8 damage, and now have 34/64 hp.
Okay, then.
Aiming: Iceblast
Press: ? - help, Shift-Dir - straight line The mass of ice explodes!
The iceblast engulfs the hornet!
You hear a howl!
You kill the orc!
The hornet stings you.
* * * LOW HITPOINT WARNING * * *
The hornet stings you.
* * * LOW HITPOINT WARNING * * *
😨 HP[-8]
You take 8 damage, and now have 26/64 hp.
Aiming: Polymorph
Press: ? - help, Shift-Dir - straight line, f - hornet
Aim: a hornet (moderately wounded, will become a golden eye, a moth of wrath, or a wyvern, chance to affect: 39%)
The hornet resists with some effort.
The hornet stings you!
* * * LOW HITPOINT WARNING * * *
The orc priest looks encouraged for a moment.
The hornet stings you.
* * * LOW HITPOINT WARNING * * *
😱 HP[-16]
You take 16 damage, and now have 10/64 hp.
MASSIVE DAMAGE!! (PAUSE)
Aiming: Polymorph
Press: ? - help, Shift-Dir - straight line, f/p - hornet
Aim: a hornet (moderately wounded, will become a golden eye, a moth of wrath, or a wyvern, chance to affect: 39%)
The hornet resists with some effort.
You feel yourself speed up.
The hornet barely misses you. x2; The hornet stings you.
* * * LOW HITPOINT WARNING * * *
😱 HP[-1]
You take 1 damage, and now have 9/64 hp.
Unknown command.
Unknown command.
Okay, then.
Okay, then.
Aiming: Polymorph
Press: ? - help, Shift-Dir - straight line, f/p - hornet
Aim: a hornet (moderately wounded, will become a golden eye, a moth of wrath, or a wyvern, chance to affect: 39%)
The hornet resists with some effort.
The hornet stings you but does no damage.
Aiming: Polymorph
Press: ? - help, Shift-Dir - straight line, f/p - hornet
Aim: a hornet (moderately wounded, will become a golden eye, a moth of wrath, or a wyvern, chance to affect: 39%)
The hornet resists with some effort.
The hornet barely misses you. The hornet closely misses you.
Aiming: Polymorph
Press: ? - help, Shift-Dir - straight line, f/p - hornet
Aim: a hornet (moderately wounded, will become a golden eye, a moth of wrath, or a wyvern, chance to affect: 39%)
The hornet resists with some effort.
The hornet completely misses you.
Aiming: Polymorph
Press: ? - help, Shift-Dir - straight line, f/p - hornet
Aim: a hornet (moderately wounded, will become a golden eye, a moth of wrath, or a wyvern, chance to affect: 39%)
The hornet resists with some effort.
The hornet barely misses you.
The orc priest invokes the aid of Beogh against you.
Beogh smites you! Elyvilon protects you from harm!
The hornet closely misses you.
Aiming: Polymorph
Press: ? - help, Shift-Dir - straight line, f/p - hornet
Aim: a hornet (moderately wounded, will become a golden eye, a moth of wrath, or a wyvern, chance to affect: 39%)
The hornet resists with some effort.
The hornet stings you.
* * * LOW HITPOINT WARNING * * *
😱 HP[-1]
You take 1 damage, and now have 8/64 hp.
Aiming: Polymorph
Press: ? - help, Shift-Dir - straight line, f/p - hornet
Aim: a hornet (moderately wounded, will become a golden eye, a moth of wrath, or a wyvern, chance to affect: 39%)
The hornet resists with some effort.
The hornet misses you.
The orc priest begins to cast a cantrip, but forgets the words!
The hornet closely misses you.
Aiming: Polymorph
Press: ? - help, Shift-Dir - straight line, f/p - hornet
Aim: a hornet (moderately wounded, will become a golden eye, a moth of wrath, or a wyvern, chance to affect: 39%)
The hornet resists with some effort.
The hornet stings you! Elyvilon protects you from harm!
Aiming: Polymorph
Press: ? - help, Shift-Dir - straight line, f/p - hornet
Aim: a hornet (moderately wounded, will become a golden eye, a moth of wrath, or a wyvern, chance to affect: 39%)
The hornet resists with some effort.
The now-empty wand crumbles to dust.
The hornet closely misses you. The hornet stings you.
* * * LOW HITPOINT WARNING * * *
😱 HP[-6]
You take 6 damage, and now have 2/64 hp.
No previous command to re-do.
Aiming: Iceblast
Press: ? - help, Shift-Dir - straight line, f/p - hornet
Aim: a hornet (moderately wounded) That beam is likely to hit you.
Continue anyway?
The mass of ice explodes!
The iceblast engulfs the hornet!
The iceblast engulfs you!
You die...

Skill      XL: |  1  2  3  4  5  6  7  8  9 10 11 |
---------------+----------------------------------+-----
Stealth        | 6 7 8 9 10 12 14 16 18 | 18.0
Short Blades   | 3 4 6 8 9 10 | 10.0
Invocations    | 2 7 9 |  9.3
Fighting       | |  2.0
Throwing       | |  2.0
Dodging        | |  1.0

Action                   |  1- 3 |  4- 6 |  7- 9 | 10-12 || total
-------------------------+-------+-------+-------+-------++-------
Melee: Dagger            |    57 |    70 |   244 |   196 ||   567
       Constrict         |     8 |    11 |    39 |    24 ||    82
       Tentacles         |     7 |    14 |    61 |    56 ||   138
       Punch             |       |       |     3 |     7 ||    10
Throw: Stone             |       |    29 |    83 |     5 ||   117
       Dart              |       |     1 |     3 |       ||     4
Invok: Heal Self         |       |       |    11 |    10 ||    21
       Purification      |       |       |     2 |     2 ||     4
       Heal Other        |       |       |       |    11 ||    11
Evoke: Wand              |       |       |     5 |    18 ||    23
  Use: Scroll            |       |     2 |     9 |     5 ||    16
       Potion            |       |       |     2 |    11 ||    13
 Stab: Sleeping          |    18 |    12 |    19 |    18 ||    67
       Paralysed         |       |       |     2 |       ||     2
       Distracted        |       |       |     1 |     1 ||     2
       Invisible         |       |       |       |     7 ||     7
Armor: Skin              |     7 |     8 |    16 |    26 ||    57
Dodge: Dodged            |    20 |    25 |    81 |   111 ||   237

Levels and vault maps discovered:
D:1:      arrival_zaba_pyramid, layout_loops_corners,
          dreamdust_ecumenical_altar_angels_and_demons, serial_co_window_serial,
          co_window_paths_a, co_window_of_opportunity_a, co_window_corner_a,
          co_window_of_opportunity_a, co_window_corner_a, co_window_corner_b,
          co_window_cross_2, co_window_of_opportunity_c, co_window_corner_b,
          co_window_2corner, co_window_corner_b, co_window_of_opportunity_b,
          glass_columns_c, glass_columns_b, glass_columns_c, glass_columns_b,
          glass_columns_a, minmay_crystal_room, minmay_pentomino_o2
D:2:      layout_loops_corners, uniq_terence
D:3:      layout_rooms, gup_sewer_entry_glass, serial_shops, shop,
          nicolae_shop_stone, nicolae_square_shop
D:4:      layout_basic, nicolae_gozag_seed_capital, uniq_crazy_yiuf_cottage
D:5:      layout_loops_cross, nicolae_shop_firing_range
D:6:      layout_cave_pools, minitemple, minmay_temple_entry_glassed_door,
          eino_curves_04
D:7:      layout_gridville, hangedman_ru_absence,
          chequers_temple_overflow_statue_of_worship
D:8:      layout_basic, enter_ossuary_5, chequers_serial_rivers_room_a,
          minmay_the_grid_2x2 [minmay_the_grid_diamond_grid,
          minmay_the_grid_spin_star, minmay_the_grid_all_tris,
          minmay_the_grid_prize_four_corners]
D:9:      layout_irregular_city, hangedman_fish_farm
D:10:     layout_irregular_city, serial_column_ruins,
          column_ruins_columns_dead_end, column_ruins_columns_dead_end,
          column_ruins_grid_4, column_ruins_open_small, column_ruins_grid_3,
          column_ruins_open_large, grunt_potential

Notes
Turn   | Place    | Note
-------+----------+-------------------------------------------
     0 | D:1      | spaghetti the Octopode Brigand began the quest for the Orb.
     0 | D:1      | Reached XP level 1. HP: 14/14 MP: 1/1
     0 | D:1      | magus.rc [v1.9.6]
   337 | D:1      | Reached skill level 6 in Stealth
   337 | D:1      | Reached XP level 2. HP: 19/19 MP: 2/2
   384 | D:1      | Found a faded altar of an unknown god.
   463 | D:1      | Prayed at the altar of an unknown god.
   463 | D:1      | Became a worshipper of Elyvilon the Healer
   463 | D:1      | Reached * piety under Elyvilon
   904 | D:1      | Reached XP level 3. HP: 24/24 MP: 3/3
  1111 | D:1      | Reached ** piety under Elyvilon
  1610 | D:2      | Reached skill level 7 in Stealth
  1837 | D:2      | Reached XP level 4. HP: 29/29 MP: 4/4
  1854 | D:2      | Noticed Terence
  1863 | D:2      | Killed Terence
  1864 | D:2      | Reached skill level 3 in Short Blades
  2112 | D:2      | You pick up a book of Necromancy {forbidden} and begin
                  | reading...
  2112 | D:2      | You add the spells Pain, Animate Skeleton and Vampiric
                  | Draining to your library.
  2197 | D:2      | Reached *** piety under Elyvilon
  2218 | D:2      | You pick up a book of Pain {forbidden} and begin reading...
  2218 | D:2      | You add the spells Agony and Excruciating Wounds to your
                  | library.
  2477 | D:3      | Found Weroe's Antique Armour Shop.
  2534 | D:3      | Found Ireutuac's Jewellery Emporium.
  2535 | D:3      | Found a glowing drain.
  2546 | D:3      | Found Saock's Book Shop.
  2992 | D:3      | Reached XP level 5. HP: 32/34 MP: 5/5
  2994 | Sewer    | Entered a sewer
  3158 | Sewer    | Noticed a kobold brigand
  3172 | Sewer    | Killed a kobold brigand
  3173 | Sewer    | Reached skill level 8 in Stealth
  3269 | Sewer    | Noticed a kobold brigand
  3279 | Sewer    | Elyvilon protects you from harm!
  3280 | Sewer    | Killed a kobold brigand
  3281 | Sewer    | Reached skill level 4 in Short Blades
  3281 | Sewer    | Reached XP level 6. HP: 11/39 MP: 6/6
  3709 | Sewer    | Reached skill level 9 in Stealth
  4074 | Sewer    | Reached XP level 7. HP: 38/45 MP: 7/7
  4167 | Sewer    | Reached skill level 5 in Short Blades
  4320 | D:4      | Reached **** piety under Elyvilon
  4817 | D:4      | Reached skill level 10 in Stealth
  5091 | D:4      | Reached skill level 6 in Short Blades
  5226 | D:4      | Reached XP level 8. HP: 50/50 MP: 8/8
  5325 | D:4      | Found an opulent altar of Gozag.
  5473 | D:4      | Found a runed translucent door.
  5474 | D:4      | Noticed Crazy Yiuf
  5600 | D:5      | Entered Level 5 of the Dungeon
  5636 | D:5      | You pick up a book of Frost and begin reading...
  5636 | D:5      | You add the spells Freeze, Frozen Ramparts and Hailstorm to
                  | your library.
  5884 | D:5      | You pick up a book of Dreams and begin reading...
  5884 | D:5      | You add the spells Ensorcelled Hibernation, Spider Form and
                  | Anguish to your library.
  5933 | D:5      | Reached skill level 11 in Stealth
  6358 | D:5      | Noticed a kobold demonologist
  6361 | D:5      | Noticed a kobold demonologist
  6366 | D:5      | Killed a kobold demonologist
  6367 | D:5      | Reached skill level 7 in Short Blades
  6374 | D:5      | HP: 12/50 [kobold demonologist/+0 dagger (4)]
  6375 | D:5      | Gained mutation: You are robust. (+10% HP) [potion of
                  | mutation]
  6375 | D:5      | Gained mutation: Your muscles are strong. (Str +2) [potion
                  | of mutation]
  6377 | D:5      | Noticed a sixfirhy
  6382 | D:5      | HP: 8/55 [white imp/puff of frost[a kobold demonologist]
                  | (11)]
  6772 | D:5      | Found Plog's Firing Range.
  6948 | D:5      | Reached skill level 12 in Stealth
  7045 | D:6      | Noticed a cyclops
  7059 | D:6      | HP: 2/55 [cyclops/large rock (32)]
  7695 | D:6      | Reached skill level 8 in Short Blades
  7695 | D:6      | Reached XP level 9. HP: 24/59 MP: 9/9
  7937 | D:6      | Lost mutation: Your muscles are strong. (Str +2) [potion of
                  | mutation]
  7937 | D:6      | Lost mutation: You are robust. (+10% HP) [potion of
                  | mutation]
  7937 | D:6      | Gained mutation: You are strong-willed. (Will+) [potion of
                  | mutation]
  7937 | D:6      | Gained mutation: Your system is resistant to poisons.
                  | (rPois) [potion of mutation]
  7937 | D:6      | Gained mutation: You are resistant to electric shocks.
                  | (rElec) [potion of mutation]
  7937 | D:6      | Gained mutation: You are agile. (Dex +2) [potion of
                  | mutation]
  8354 | D:6      | Found a staircase to the Ecumenical Temple.
  8419 | D:6      | Killed a cyclops
  8420 | D:6      | Reached skill level 13 in Stealth
  8572 | D:6      | Found a shadowy altar of Dithmenos.
  8572 | D:6      | Found a glowing silver altar of Zin.
  8885 | D:7      | Reached skill level 9 in Short Blades
  9198 | D:7      | Reached skill level 14 in Stealth
  9350 | D:7      | Found a sacrificial altar of Ru.
  9404 | D:7      | Noticed a cyclops
  9408 | D:7      | Killed a cyclops
  9409 | D:7      | Reached skill level 2 in Invocations
  9658 | D:7      | Found a hide-covered altar of Uskayaw.
  9739 | D:7      | Found a basalt altar of Yredelemnul.
  9863 | D:8      | Reached XP level 10. HP: 60/60 MP: 12/12
  9885 | D:8      | Reached skill level 3 in Invocations
  9905 | D:8      | HP: 14/60 [killer bee (3)]
  9941 | D:8      | Reached skill level 10 in Short Blades
  9946 | D:8      | Reached skill level 15 in Stealth
  9946 | D:8      | Reached skill level 4 in Invocations
 10256 | D:8      | Noticed a tengu warrior
 10256 | D:8      | Noticed a cyclops
 10256 | D:8      | Noticed a seven-headed hydra
 10386 | D:8      | Reached skill level 5 in Invocations
 10439 | D:8      | HP: 6/60 [ice beast (13)]
 11112 | D:9      | Noticed a brown ugly thing
 11125 | D:9      | Pacified a brown ugly thing
 11381 | D:9      | Reached skill level 16 in Stealth
 11381 | D:9      | Reached skill level 6 in Invocations
 11744 | D:9      | HP: 3/60 [yak (14)]
 11748 | D:9      | Reached skill level 7 in Invocations
 11748 | D:9      | Reached XP level 11. HP: 28/64 MP: 16/16
 12007 | D:9      | HP: 24/96 [slime creature (6)]
 12024 | D:9      | Reached skill level 17 in Stealth
 12278 | D:9      | Reached skill level 8 in Invocations
 12605 | D:9      | You pick up a book of Flames and begin reading...
 12605 | D:9      | You add the spells Foxfire, Conjure Flame, Inner Flame and
                  | Flame Wave to your library.
 13041 | D:10     | Entered Level 10 of the Dungeon
 13636 | D:10     | Noticed a boulder beetle
 13645 | D:10     | Reached skill level 9 in Invocations
 13668 | D:10     | Killed a boulder beetle
 13669 | D:10     | Reached skill level 18 in Stealth
 13688 | D:10     | HP: 13/64 [hornet (13)]
 13693 | D:10     | Elyvilon protects you from harm!
 13694 | D:10     | HP: 8/64 [hornet (2)]
 13696 | D:10     | Elyvilon protects you from harm!
 13697 | D:10     | HP: 2/64 [hornet (6)]
 13698 | D:10     | Killed themself with a badly aimed iceblast

Vanquished Creatures
  A boulder beetle (D:10)
  2 cyclopes
  A kobold demonologist (D:5)
  A merfolk (D:9)
  6 slime creatures (D:9)
  A wraith (D:9)
  9 yaks
  2 vampire mosquitoes (D:10)
  A wyvern (D:7)
  A steam dragon (D:8)
  4 water moccasins
  An orc warrior (D:10)
  3 ice beasts
  2 sky beasts
  An ogre (D:6)
  A centaur (D:9)
  7 kobold brigands
  2 phantoms
  2 bullfrogs (D:7)
  A necrophage (D:7)
  A gnoll sergeant (D:8)
  5 scorpions
  5 wights (D:9)
  19 killer bees
  2 howler monkeys (D:8)
  4 hounds
  A jelly (D:5)
  3 orc priests
  2 iguanas
  Terence (D:2)
  5 orc wizards
  A gnoll (D:1)
  A river rat (Sewer)
  10 adders
  A shadow imp (D:7)
  2 worms (Sewer)
  28 orcs
  11 ball pythons
  7 bats
  14 endoplasms
  7 giant cockroaches
  4 goblins
  4 hobgoblins
  2 jackals (D:1)
  2 quokkas
  3 training dummies (D:5)
  7 frilled lizards
  14 kobolds
  6 rats
221 creatures vanquished.

Vanquished Creatures (others)
  A wyvern (D:10)
  2 yaks (D:10)
  An orc (D:9)
4 creatures vanquished.

Grand Total: 225 creatures vanquished

Table legend:
 A = Non-vault XP
 B = Vault XP
 C = Vault XP percentage of total XP
 D = Non-vault monster count
 E = Vault monster count
 F = Vault count percentage of total count
                 A         B        C        D         E       F
            +---------+---------+-------+---------+---------+-------
      Total |   10530 |    2398 |  18.5 |     172 |      49 |  22.2
            +---------+---------+-------+---------+---------+-------
        D:1 |      52 |       2 |   3.7 |      25 |       1 |   3.8
        D:2 |      31 |      36 |  53.7 |      12 |       1 |   7.7
        D:3 |      27 |      17 |  38.6 |       9 |       4 |  30.8
        D:4 |     466 |       0 |   0.0 |      20 |       0 |   0.0
        D:5 |     953 |       6 |   0.6 |      18 |       3 |  14.3
        D:6 |    1215 |       0 |   0.0 |      22 |       0 |   0.0
        D:7 |    1255 |       0 |   0.0 |      16 |       0 |   0.0
        D:8 |    2164 |     234 |   9.8 |      19 |       4 |  17.4
        D:9 |    3480 |     305 |   8.1 |      23 |       1 |   4.2
       D:10 |     887 |    1211 |  57.7 |       8 |       7 |  46.7
      Sewer |       0 |     587 | 100.0 |       0 |      28 | 100.0
            +---------+---------+-------+---------+---------+-------

Illustrated notes

Table legend:
 A = Kills in this place as a percentage of kills in entire the game.
 B = Kills by you in this place as a percentage of kills by you in the entire game.
 C = Kills by friends in this place as a percentage of kills by friends in the entire game.
 D = Other kills in this place as a percentage of other kills in the entire game.
 E = Experience gained in this place as a percentage of experience gained in the entire game.
 F = Experience gained in this place divided by the number of levels of this place that you have seen.
                   A       B       C       D       E      F
               +-------+-------+-------+-------+-------+----------------------
         Total | 100.0 | 100.0 |   N/A |   N/A | 100.0 | 1175.3
       Dungeon |  87.3 |  87.3 |   N/A |   N/A |  95.5 | 1234.1
         Sewer |  12.7 |  12.7 |   N/A |   N/A |   4.5 | 587.0
               +-------+-------+-------+-------+-------+----------------------

Table legend: (Time is in decaauts)
 A = Elapsed time spent in this place.
 B = Non-inter-level travel time spent in this place.
 C = Inter-level travel time spent in this place.
 D = Time resting spent in this place.
 E = Time spent auto-exploring this place.
 F = Levels seen in this place.
 G = Mean time per level.
                   A        B        C        D        E       F      G
               +--------+--------+--------+--------+--------+-----+--------+
         Total |  13496 |  13117 |    379 |   4400 |   7036 |  11 | 1226.9 |
       Dungeon |  12194 |  11815 |    379 |   3896 |   6471 |  10 | 1219.4 |
         Sewer |   1302 |   1302 |      0 |    504 |    565 |   1 | 1302.0 |
               +--------+--------+--------+--------+--------+-----+--------+

Top non-repeatable levels by time:
     D:9: 1940 daAuts
     D:5: 1849 daAuts
     D:4: 1506 daAuts
     D:1: 1322 daAuts
   Sewer: 1302 daAuts
     D:8: 1216 daAuts
     D:7: 1041 daAuts
     D:2: 1022 daAuts
     D:6: 999 daAuts
     D:3: 648 daAuts
    D:10: 646 daAuts
